 Dungeon Crawl Stone Soup version 0.31.0-32-g396128a36d (webtiles) character file.

Game seed: 6330776304087775849

14 Alphaeus the Ruffian (level 2, 18/18 HPs)
             Began as an Octopode Shapeshifter on Mar 19, 2024.
             Quit the game on level 1 of the Dungeon.
             The game lasted 00:00:18 (202 turns).

Alphaeus the Ruffian (Octopode Shapeshifter)         Turns: 202, Time: 00:00:18

Health: 18/18      AC:  1    Str: 13    XL:     2   Next: 45%
Magic:  2/2        EV: 13    Int: 12    God:
Gold:   20         SH:  0    Dex: 11    Spells: 1/1 levels left

rFire   . .          .
                       - Unarmed
rCold   . . .        (no shield)
rNeg    . . .        (helmet currently unavailable)
rPois   .            (no amulet)
rElec   .            (no ring)
rCorr   .            (no ring)
SInv    .            (no ring)
Will    .....        (no ring)
Stlth   ++           (no ring)
HPRegen 0.23/turn    (no ring)
MPRegen 0.08/turn    (no ring)
                     (no ring)

%: no passive effects
@: beast-form
A: beast (slay +1), almost no armour, amphibious, 8 rings, camouflage 1,
gelatinous body 1, (nimble swimmer 1), tentacles
a: Begin Untransformation


You were on level 1 of the Dungeon.
You were a hulking beast.
You visited 1 branch of the dungeon, and saw 1 of its levels.

You collected 20 gold pieces.

Inventory:

Jewellery
 d - a +6 ring of intelligence
Talismans
 b - a beast talisman
 c - a flux talisman
Potions
 a - a potion of lignification


   Skills:
 + Level 1.2 Fighting
 + Level 2.1 Dodging
 * Level 3.2 Unarmed Combat
 * Level 3.2 Shapeshifting


You had one spell level left.
You didn't know any spells.
Your spell library was empty.

Dungeon Overview and Level Annotations

Branches:
Dungeon (1/15)

Altars:


Innate Abilities, Weirdness & Mutations

You are a hulking beast.
Your limbs bulge with bestial killing power. (Slay +1)
You cannot wear most types of armour.
You are amphibious.
You can wear up to eight rings at the same time.
Your skin changes colour to match your surroundings (Stealth+).
Your rubbery body absorbs attacks. (AC +1, EV +1)
((You are camouflaged when in or above water. (Stealth+)))
You have tentacles for arms and can constrict up to eight enemies at once.


Message History

No target in view!
No target in view!
No target in view!
No target in view!
No target in view!
No target in view!
No target in view!
You see here a bat corpse.
A quokka comes into view.
A quokka is nearby!
The quokka closely misses you. The quokka misses you.
You barely miss the quokka. Your grab misses the quokka.
Your squeeze misses the quokka. The quokka closely misses you.
You tentacle-slap the quokka. Your grab misses the quokka.
The quokka is moderately wounded.
The quokka misses you.
You bludgeon the quokka!
You kill the quokka!
No target in view!
No target in view!
No target in view!
Found a stone staircase leading down.
You see here a quokka corpse.
A bat comes into view.
No target in view!
No target in view!
No target in view!
No target in view!
No target in view!
No target in view!
No target in view!
No target in view!
No target in view!
No target in view!
No target in view!
Saving game... please wait.
Options error: Delay interrupt name "hungry" not recognised. (Alphaeus.rc:8) Welcome back, Alphaeus the Octopode Shapeshifter.
Press ? for a list of commands and other information.
Are you sure you want to abandon this character and quit the game? (Confirm with "yes".)

##. #.# #. ... #.#
♣ #. #.######.# ~
#. ####.#........#
#.##....#....#####
#....#######.#
#..#....#....#
#.......#..###
##h####†#.##
.##.####...#
.........###
....####.# ....#
#.# ..#..# ...
...#... .#.. #..
#.## #. >#. ##
##.#


There were no monsters in sight!

Vanquished Creatures
  2 bats (D:1)
  2 endoplasms (D:1)
  3 goblins (D:1)
  A hobgoblin (D:1)
  2 kobolds (D:1)
  A quokka (D:1)
11 creatures vanquished.

Notes
Turn   | Place    | Note
-------+----------+-------------------------------------------
     0 | D:1      | Alphaeus the Octopode Shapeshifter began the quest for the
                  | Orb.
     0 | D:1      | Reached XP level 1. HP: 13/13 MP: 1/1
    88 | D:1      | Reached XP level 2. HP: 18/18 MP: 2/2
   202 | D:1      | Quit the game

Illustrated notes

Levels and vault maps discovered:
D:1:      orjb1_clovarrival, layout_loops_ring, chequers_serial_rivers_room_b

Action                     || total
---------------------------++-------
  Melee: Unarmed           ||    21
         Tentacles         ||     2
         Constrict         ||     1
 Armour: Skin              ||     5
  Dodge: Dodged            ||    18
